 Dungeon Crawl Stone Soup version 0.19.1-1-g22dce08 (webtiles) character file.

107 esteth the Insei (level 4, -3/32 HPs)
             Began as a Merfolk Transmuter on Jan 15, 2017.
             Killed by divine providence
             ... invoked by an orc priest
              (12 damage)
             ... on level 4 of the Dungeon.
             The game lasted 00:07:45 (3707 turns).

esteth the Insei (Merfolk Transmuter)               Turns: 3707, Time: 00:07:46

Health: -3/32      AC:  2    Str: 11    XL:     4   Next: 86%
Magic:  5/7        EV: 13    Int: 12    God:
Gold:   134        SH:  0    Dex: 14    Spells: 2 memorised, 4 levels left

rFire  . . .     SeeInvis .       - Unarmed
rCold  . . .     Gourm    .     b - +0 robe
rNeg   . . .     Faith    .     (no shield)
rPois  .         Spirit   .     (no helmet)
rElec  .         Reflect  .     (no cloak)
rCorr  .         Harm     .     (no gloves)
MR     .....                    (no boots)
Stlth  +.........               (no amulet)
                                (no ring)
                                (no ring)

@: appendage
A: change form in water, swift swim, stealthy swim, horns 2
a: End Transformation


You were on level 4 of the Dungeon.
You were not hungry.
You had grown temporary horns.
You visited 1 branch of the dungeon, and saw 4 of its levels.

You collected 134 gold pieces.

Inventory:

Missiles
 a - 30 arrows (quivered)
 x - 20 bolts
Armour
 b - a +0 robe (worn)
Jewellery
 r - a cursed amulet of regeneration {unknown}
Wands
 v - a wand of random effects (37/48)
Scrolls
 e - 2 scrolls of teleportation {unknown}
 h - 2 scrolls of blinking {unknown}
 i - 2 scrolls of identify {unknown}
 k - 2 scrolls of fog {unknown}
 m - 2 scrolls of enchant armour {unknown}
 n - a scroll of remove curse {unknown}
 o - a scroll of recharging {unknown}
 u - a scroll of enchant weapon {unknown}
Potions
 g - a potion of curing {unknown}
 j - a potion of brilliance {unknown}
 p - 2 potions of haste {unknown}
 q - a potion of flight {unknown}
 s - a potion of cure mutation {unknown}
 t - a potion of degeneration {unknown}
Books
 c - a book of Changes

   Spells                             Type                      Level
   a - Beastly Appendage              Transmutation                1
   b - Sticks to Snakes               Transmutation                2
   c - Spider Form                    Transmutation/Poison         3
   d - Ice Form                       Ice/Transmutation            4
   e - Blade Hands                    Transmutation                5
Comestibles
 d - 3 bread rations {@e1}
 f - a slice of pizza
 l - 2 meat rations
 w - a chunk of flesh


   Skills:
 - Level 1.4 Fighting
 - Level 2.6 Dodging
 + Level 5.2 Unarmed Combat
 - Level 2.0 Spellcasting
 - Level 4.0 Transmutations


You had 4 spell levels left.
You knew the following spells:

 Your Spells              Type           Power        Failure   Level  Hunger
a - Beastly Appendage     Tmut           ##....       6%          1    ##.....
b - Sticks to Snakes      Tmut           ##......     10%         2    ###....


Dungeon Overview and Level Annotations

Branches:
Dungeon (4/15)
 Temple: D:4-7

Altars:


Innate Abilities, Weirdness & Mutations

You revert to your normal form in water.
You are very nimble and swift while swimming.
You are very stealthy in the water. (Stealth+)
You have a pair of horns on your head.


Message History

The orc priest is heavily wounded.
Your adder bites the orc priest but does no damage.
You closely miss the orc priest. Your headbutt misses the orc priest.
The orc priest is heavily wounded.
The orc priest calls down the wrath of Beogh upon you.
Pain shoots through your body!
* * * LOW HITPOINT WARNING * * *
Your adder bites the orc priest but does no damage.
You barely miss the orc priest.
The orc priest is heavily wounded.
Your adder bites the orc priest but does no damage.
The orc barely misses you. The orc priest closely misses you.
Your adder misses the orc priest.
The orc priest hits you but does no damage.
Your adder bites the orc priest but does no damage.
You hit the orc priest but do no damage.
The orc priest is heavily wounded.
The orc priest mumbles some strange prayers to Beogh against you.
Beogh smites you!
You die...

..###. #......##
..... #.......# ..
... #...!...#. ...
#.##.รท........
.#.###.............
...................
...$...?...........
.##....oS.......##.
#....@o<........
#.............##
#...........#...
#........######.
#...>....#
........###
..######.# ## #.#
#..


You could see an orc priest, an orc and a friendly adder.

Vanquished Creatures
  2 adders
  An ooze (D:3)
  2 worms (D:2)
  2 dart slugs (D:3)
  A leopard gecko (D:2)
  3 orcs
  2 ball pythons
  2 giant cockroaches
  9 goblins
  11 hobgoblins
  4 jackals (D:1)
  5 kobolds
  A quokka (D:3)
  5 bats
  3 frilled lizards
  6 rats
59 creatures vanquished.

Vanquished Creatures (collateral kills)
  An adder (D:2)
  2 worms
3 creatures vanquished.

Grand Total: 62 creatures vanquished

Notes
Turn   | Place    | Note
-------+----------+-------------------------------------------
     0 | D:1      | esteth the Merfolk Transmuter began the quest for the Orb.
     0 | D:1      | Reached XP level 1. HP: 15/15 MP: 3/3
   166 | D:1      | Reached XP level 2. HP: 8/21 MP: 3/5
   889 | D:1      | Learned a level 2 spell: Sticks to Snakes
   974 | D:2      | Reached XP level 3. HP: 18/26 MP: 6/6
  1711 | D:2      | Reached skill level 4 in Unarmed Combat
  2444 | D:2      | Reached XP level 4. HP: 31/32 MP: 2/7
  3179 | D:3      | Reached skill level 5 in Unarmed Combat
  3684 | D:4      | Noticed an ogre
  3707 | D:4      | Killed from afar by an orc priest

Skill      XL: |  1  2  3  4 |
---------------+-------------+-----
Transmutations | 3 4 |  4.0
Unarmed Combat | 4 5 |  5.2
Fighting       | |  1.4
Dodging        | |  2.6
Spellcasting   | |  2.0

Action                   |  1- 3 |  4- 6 || total
-------------------------+-------+-------++-------
Melee: Unarmed           |   121 |    73 ||   194
       Headbutt          |     6 |     5 ||    11
       Punch             |     2 |     2 ||     4
 Cast: Beastly Appendage |     9 |     4 ||    13
       Sticks to Snakes  |     6 |     7 ||    13
 Stab: Sleeping          |     2 |       ||     2
       Distracted        |       |     3 ||     3
  Eat: Chunk             |     5 |     5 ||    10
Armor: Robe              |    19 |     8 ||    27
Dodge: Dodged            |    80 |    45 ||   125
